2484 views
Uploaded 2023-12-28 23:50:20
Game version 1.36 (6115)
13:49 long 1on1 custom game on (2)lastrefuge_s2_v1.5
Game name "deki"
Saved by dexon
2484 views
Uploaded 2023-12-28 23:50:20
Game version 1.36 (6115)
13:49 long 1on1 custom game on (2)lastrefuge_s2_v1.5
Game name "deki"

32 units @ 3.5k
/ 0.7k
11 buildings @ 1.8k
/ 0.7k


| Moonstone | 1 | 50 |
| Staff of Preservation | 1 | 150 |
| Potion of Healing | 1 | 150 |
| Scroll of Town Portal | 1 | 350 |
| Staff of Teleportation | 1 | 150 |
| total: | 5 | 850g |
| Wisp | 17 | 1020 | / | 0 |
| Archer | 6 | 780 | / | 60 |
| Dryad | 5 | 725 | / | 300 |
| Druid of the Claw | 4 | 1020 | / | 320 |
| total: | 32 | 3545g | / | 680w |
| Altar of Elders | 1 | 180 | / | 50 |
| Moon Well | 5 | 900 | / | 200 |
| Ancient of War | 1 | 150 | / | 60 |
| Hunter's Hall | 1 | 210 | / | 100 |
| Ancient of Wonders | 1 | 90 | / | 30 |
| Ancient of Lore | 2 | 310 | / | 290 |
| Tree of Ages | 1 | 320 | / | 180 |
| Tree of Eternity | 1 | 330 | / | 200 |
| total: | 11 | 1840g | / | 730w |
| 0:01 | Wisp |
| 0:01 | Wisp |
| 0:03 | Altar of Elders |
| 0:16 | Moon Well |
| 0:21 | Ancient of War |
| 0:30 | Wisp |
| 0:30 | Wisp |
| 0:30 | Wisp |
| 0:46 | Wisp |
| 0:46 | Wisp |
| 1:01 | Wisp |
| 1:16 | Wisp |
| 1:23 | Archer |
| 1:32 | Wisp |
| 1:44 | Wisp |
| 1:45 | Wisp |
| 2:11 | Mana Burn |
| 2:22 | Moon Well |
| 2:23 | Tree of Ages |
| 2:54 | Hunter's Hall |
| 3:16 | Archer |
| 3:17 | Archer |
| 3:37 | Immolation |
| 3:47 | Moon Well |
| 4:11 | Archer |
| 4:11 | Archer |
| 4:21 | Staff of Teleportation |
| 4:33 | Archer |
| 4:46 | Wisp |
| 4:46 | Wisp |
| 4:46 | Wisp |
| 4:50 | Ancient of Lore |
| 5:07 | Ancient of Lore |
| 5:07 | Wisp |
| 6:14 | Frost Arrows |
| 6:17 | Abolish Magic |
| 6:17 | Wisp |
| 6:20 | Ancient of Wonders |
| 7:01 | Mana Burn |
| 7:12 | Dryad |
| 7:14 | Dryad |
| 7:16 | Tree of Eternity |
| 7:29 | Moonstone |
| 7:32 | Staff of Preservation |
| 8:02 | Moon Well |
| 8:16 | Strength of the Wild |
| 8:26 | Potion of Healing |
| 8:34 | Scroll of Town Portal |
| 8:57 | Moon Well |
| 9:05 | Dryad |
| 9:11 | Forked Lightning |
| 9:26 | Dryad |
| 9:50 | Druid of the Claw Adept Training |
| 9:53 | Druid of the Claw |
| 10:36 | Druid of the Claw Master Training |
| 11:17 | Druid of the Claw |
| 11:38 | Druid of the Claw |
| 11:44 | Well Spring |
| 12:24 | Druid of the Claw |
| 12:25 | Dryad |
| 13:21 | Immolation |
| 13:43 | Forked Lightning |
| Right click | 608 |
| Select | 272 |
| Select group | 179 |
| Build/train/purchase | 77 |
| Assign group | 46 |
| Use ability | 35 |
| Item give/drop | 4 |
| Misc. action | 3 |
| Esc | 2 |
34 units @ 4.7k
/ 0.4k
12 buildings @ 1.2k
/ 0.5k


| Dust of Appearance | 1 | 75 |
| Circlet of Nobility | 1 | 175 |
| Boots of Speed | 1 | 250 |
| total: | 3 | 500g |
| Peasant | 12 | 900 | / | 0 |
| Footman | 3 | 405 | / | 0 |
| Rifleman | 11 | 2255 | / | 330 |
| Priest | 5 | 675 | / | 50 |
| Sorceress | 3 | 465 | / | 60 |
| total: | 34 | 4700g | / | 440w |
| Scout Tower | 1 | 30 | / | 20 |
| Arcane Tower | 1 | 70 | / | 50 |
| Altar of Kings | 1 | 180 | / | 50 |
| Barracks | 1 | 160 | / | 60 |
| Farm | 7 | 560 | / | 140 |
| Blacksmith | 1 | 140 | / | 60 |
| Arcane Sanctum | 1 | 150 | / | 140 |
| Keep | 1 | 320 | / | 210 |
| Castle | 1 | 360 | / | 210 |
| total: | 12 | 1220g | / | 470w |
| 0:01 | Peasant |
| 0:02 | Peasant |
| 0:05 | Altar of Kings |
| 0:10 | Barracks |
| 0:18 | Farm |
| 0:24 | Peasant |
| 0:35 | Peasant |
| 0:49 | Peasant |
| 0:56 | Farm |
| 1:02 | Peasant |
| 1:16 | Footman |
| 1:24 | Peasant |
| 1:39 | Footman |
| 1:45 | Peasant |
| 2:07 | Summon Water Elemental |
| 2:20 | Peasant |
| 2:22 | Farm |
| 3:00 | Peasant |
| 3:03 | Brilliance Aura |
| 3:22 | Keep |
| 3:27 | Scout Tower |
| 3:31 | Circlet of Nobility |
| 3:42 | Boots of Speed |
| 3:59 | Dust of Appearance |
| 4:07 | Farm |
| 4:10 | Arcane Tower |
| 4:13 | Blacksmith |
| 5:37 | Rifleman |
| 5:43 | Arcane Sanctum |
| 6:05 | Rifleman |
| 6:21 | Priest |
| 6:22 | Farm |
| 6:26 | Rifleman |
| 6:41 | Peasant |
| 6:41 | Peasant |
| 7:04 | Storm Bolt |
| 7:11 | Priest |
| 7:13 | Footman |
| 7:15 | Rifleman |
| 7:28 | Farm |
| 7:45 | Rifleman |
| 8:08 | Sorceress |
| 8:29 | Rifleman |
| 8:30 | Priest |
| 8:56 | Rifleman |
| 9:19 | Bash |
| 9:24 | Summon Water Elemental |
| 9:38 | Rifleman |
| 9:41 | Priest |
| 10:07 | Black Gunpowder |
| 10:08 | Castle |
| 10:14 | Rifleman |
| 11:13 | Rifleman |
| 11:14 | Priest |
| 11:31 | Sorceress |
| 11:33 | Rifleman |
| 11:34 | Long Rifles |
| 11:37 | Refined Gunpowder |
| 11:55 | Storm Bolt |
| 12:04 | Brilliance Aura |
| 12:09 | Sorceress |
| 12:17 | Farm |
| Right click | 586 |
| Select | 303 |
| Select group | 241 |
| Build/train/purchase | 83 |
| Misc. action | 49 |
| Assign group | 42 |
| Use ability | 13 |
| Item give/drop | 3 |
| Remove unit | 1 |
| Esc | 1 |